 Dungeon Crawl Stone Soup version 0.30-a0-782-ge64f9170bb (webtiles) character file.

Game seed: 17709861969335675996

29 senseless the Sneak (level 3, -1/26 HPs)
             Began as an Octopode Delver on Feb 24, 2023.
             Killed from afar by a white imp (9 damage)
             ... with a puff of frost
             ... on level 5 of the Dungeon.
             The game lasted 00:00:38 (25 turns).

senseless the Sneak (Octopode Delver)                 Turns: 25, Time: 00:00:39

Health: -1/26      AC:  1    Str: 11    XL:     3   Next: 16%
Magic:  3/3        EV: 13    Int: 12    God:
Gold:   0          SH:  0    Dex: 15    Spells: 2/2 levels left

rFire   . . .      SeeInvis .    a - +0 falchion
rCold   . . .      Faith    .    (no shield)
rNeg    . . .      Spirit   .    (helmet restricted)
rPois   .          Reflect  .    (no amulet)
rElec   .          Harm     .    (no ring)
rCorr   .          Rampage  .    (no ring)
Will    .....                    (no ring)
Stlth   ++++                     (no ring)
HPRegen 0.24/turn                (no ring)
MPRegen 0.08/turn                (no ring)
                                 (no ring)
                                 (no ring)

@: no status effects
A: almost no armour, amphibious, 8 rings, camouflage 1, gelatinous body 1,
(nimble swimmer 1), tentacles
a: no special abilities


You were on level 5 of the Dungeon.
You visited 1 branch of the dungeon, and saw 1 of its levels.

Inventory:

Hand Weapons
 a - a +0 falchion (weapon)
Wands
 f - a wand of digging (3)
Scrolls
 b - a scroll of fog
 d - a scroll of fear
Potions
 e - a potion of haste


   Skills:
 + Level 3.3 Fighting
 + Level 2.4 Long Blades
 + Level 2.4 Dodging
 + Level 6.9 Stealth


You had 2 spell levels left.
You didn't know any spells.
Your spell library was empty.

Dungeon Overview and Level Annotations

Branches:
Dungeon (5/15)
 Temple: D:4-7

Altars:


Innate Abilities, Weirdness & Mutations

You cannot wear most types of armour.
You are amphibious.
You can wear up to eight rings at the same time.
Your skin changes colour to match your surroundings (Stealth+).
Your rubbery body absorbs attacks. (AC +1, EV +1)
((You are camouflaged when in or above water. (Stealth+)))
You have tentacles for arms and can constrict up to eight enemies at once.


Message History

There is a stone staircase leading down here.
You see here a +0 cloak.
g - a +0 cloak You drop a +0 cloak.
As you read the scroll of magic mapping, it crumbles to dust.
You feel aware of your surroundings.
You sensed 2 altars.
A hound comes into view.
You barely miss the hound.
The hound barks!
Your grab misses the hound. The hound closely misses you. The hound bites you.
You completely miss the hound. Your grab misses the hound.
Your squeeze misses the hound. The hound bites you but does no damage.
The hound closely misses you.
You barely miss the hound. You grab the hound. You squeeze the hound.
The hound is moderately wounded.
You constrict the hound. The hound closely misses you.
You hit the hound. You squeeze the hound.
The hound is almost dead.
You constrict the hound.
You kill the hound!
You have reached level 2!
You have reached level 3!
Your experience leads to an increase in your attributes!
Increase (S)trength, (I)ntelligence, or (D)exterity?
You feel agile. x2
You see here a hound corpse.
A white imp comes into view.
The white imp gestures at you. The puff of frost misses you.
The white imp gestures at you. The puff of frost hits you!
You are too injured to fight recklessly!
You are too injured to fight recklessly!
You are too injured to fight recklessly!
You slash the white imp! Your grab misses the white imp.
The white imp is heavily wounded.
The white imp barely misses you. The white imp gestures at you.
The puff of frost hits you!
You die...

,~~~~,,**,* #.# #>#
~~~~~,*,*,* #.# #.#
~~~~,,,,,,* #.# #.#
~~~,,,,,,,* #.# #.#
~~,,,,,,,,* #.# #.#
,,,,,,,,*,* #.# #[#
*,*,*,,*,,####.####.##
**,,,,,,,,#.......†..#
**********##.###@##..#
****,,* **,* #5##..#
,,,,,,* **,,**#.##..#
****,,****,,,,,..##..#
*,,,**,,,,,*.###..#
***,*,,,,,,,,..* #..#
*,,,*,,,,,,,,..* #..#
*,*****,*,,,#..* #..#
*,,,*,,,,,,,,,,***,,*


You could see a white imp.

Vanquished Creatures
  A hound (D:5)
1 creature vanquished.

Notes
Turn   | Place    | Note
-------+----------+-------------------------------------------
     0 | D:5      | senseless the Octopode Delver began the quest for the Orb.
     0 | D:5      | Reached XP level 1. HP: 16/16 MP: 1/1
    16 | D:5      | Noticed a hound
    21 | D:5      | Killed a hound
    22 | D:5      | Reached XP level 2. HP: 15/21 MP: 2/2
    22 | D:5      | Reached XP level 3. HP: 19/26 MP: 3/3
    25 | D:5      | Killed from afar by a white imp

Illustrated notes

Levels and vault maps discovered:
D:5:      layout_loops_ring, tgw_fedhas, mainiacjoe_overflow_small_starburst

Action                     || total
---------------------------++-------
  Melee: Falchion          ||     5
         Tentacles         ||     2
         Constrict         ||     1
    Use: Scroll            ||     1
 Armour: Skin              ||     1
  Dodge: Dodged            ||     5

Table legend: (Time is in decaauts)
 A = Elapsed time spent in this place.
 B = Non-inter-level travel time spent in this place.
 C = Inter-level travel time spent in this place.
 D = Time resting spent in this place.
 E = Time spent auto-exploring this place.
 F = Levels seen in this place.
 G = Mean time per level.
                   A        B        C        D        E       F      G
               +--------+--------+--------+--------+--------+-----+--------+
         Total |     25 |     23 |      2 |      0 |      4 |   1 |   25.0 |
       Dungeon |     25 |     23 |      2 |      0 |      4 |   1 |   25.0 |
               +--------+--------+--------+--------+--------+-----+--------+

Top non-repeatable levels by time:
     D:5: 25 daAuts
